 Dungeon Crawl Stone Soup version 0.19.1-1-g22dce08 (webtiles) character file.

5151 esteth the Martial Artist (level 10, -27/77 HPs)
             Began as a Merfolk Transmuter on Jan 15, 2017.
             Was an Elder of Okawaru.
             Annihilated by a hill giant
             ... wielding a +0 giant spiked club
              (34 damage)
             ... on level 10 of the Dungeon.
             The game lasted 00:29:17 (11987 turns).

esteth the Martial Artist (Merfolk Transmuter)     Turns: 11987, Time: 00:29:17

Health: -27/77     AC:  6    Str: 12    XL:     10   Next: 59%
Magic:  16/16      EV: 15    Int: 15    God:    Okawaru [****..]
Gold:   169        SH:  0    Dex: 14    Spells: 4 memorised, 6 levels left

rFire  . . .     SeeInvis .       - Unarmed
rCold  . . .     Gourm    .     K - +0 leather armour
rNeg   . . .     Faith    .     (no shield)
rPois  +         Spirit   .     O - +2 helmet
rElec  .         Reflect  .     (no cloak)
rCorr  .         Harm     .     (no gloves)
MR     +....                    (no boots)
Stlth  ++........               G - amulet of magic regeneration
                                l - ring of poison resistance
                                y - ring of protection from magic

@: no status effects
A: change form in water, swift swim, stealthy swim
a: Heroism, Renounce Religion


You were on level 10 of the Dungeon.
You worshipped Okawaru.
Okawaru was greatly pleased with you.
You were not hungry.

You visited 2 branches of the dungeon, and saw 11 of its levels.

You collected 473 gold pieces.
You spent 304 gold pieces at shops.

Inventory:

Hand Weapons
 u - the +10 war axe "Kavapivo" {antimagic, +Rage Str-4 Dex+6 Stlth+}
   (You found it on level 6 of the Dungeon)

   It reduces the magical energy of the wielder, and disrupts the spells and
   magical abilities of those hit.
   Natural abilities and divine invocations are not affected.
   It affects your strength (-4).
   It affects your dexterity (+6).
   It lets you go berserk.
   It makes you more stealthy.
Missiles
 a - 213 arrows
Armour
 b - a +0 robe
 w - a +0 buckler
 K - a +0 leather armour (worn)
 O - a +2 helmet (worn)
Jewellery
 h - an uncursed ring of ice
 k - an uncursed amulet of faith
 l - a ring of poison resistance (right hand)
 y - a ring of protection from magic (left hand)
 A - an uncursed ring of see invisible
 B - an uncursed amulet of rage {unknown}
 G - an amulet of magic regeneration (around neck)
 M - an uncursed ring of resist corrosion
Wands
 n - a wand of digging (18/24)
 p - a wand of paralysis (14/24)
 t - a wand of paralysis (8/24)
 D - a wand of heal wounds (5/9)
 I - a wand of polymorph (10/24)
 L - a wand of acid (6/15)
Scrolls
 q - 2 scrolls of blinking
 s - 3 scrolls of amnesia
 v - 3 scrolls of remove curse
 x - 2 scrolls of teleportation
 C - 2 scrolls of acquirement {unknown}
Potions
 e - a potion of invisibility
 g - 3 potions of curing
 i - 2 potions of mutation
 m - 2 potions of flight {unknown}
 r - a potion of ambrosia {unknown}
 z - a potion of cancellation {unknown}
 F - 3 potions of agility
Books
 c - a book of Changes

   Spells                             Type                      Level
   a - Beastly Appendage              Transmutation                1
   b - Sticks to Snakes               Transmutation                2
   c - Spider Form                    Transmutation/Poison         3
   d - Ice Form                       Ice/Transmutation            4
   e - Blade Hands                    Transmutation                5
Miscellaneous
 H - a crystal ball of energy
Comestibles
 d - 5 bread rations
 f - 7 meat rations
 j - 2 fruits
 E - a slice of pizza
 J - a royal jelly
 N - a beef jerky


   Skills:
 - Level 6.4 Fighting
 - Level 6.6 Dodging
 - Level 2.2 Stealth
 - Level 11.4 Unarmed Combat
 + Level 4.2 Spellcasting
 - Level 10.0 Transmutations


You had 6 spell levels left.
You knew the following spells:

 Your Spells              Type           Power        Failure   Level  Hunger
a - Beastly Appendage     Tmut           ####..       1%          1    None
b - Sticks to Snakes      Tmut           ####....     1%          2    ##.....
c - Spider Form           Tmut/Pois      ###.......   10%         3    ###....
d - Blade Hands           Tmut           ####......   12%         5    ######.


Dungeon Overview and Level Annotations

Branches:
Dungeon (10/15)            Temple (1/1) D:4             Orc (0/2) D:9
   Lair: D:8-11

Altars:
Ashenzari
Cheibriados
Dithmenos
Elyvilon
Fedhas
Gozag
Hepliaklqana
Kikubaaqudgha
Makhleb
Nemelex Xobeh
Okawaru
Qazlal
Ru
Sif Muna
Trog
Uskayaw
Vehumet
Xom
Yredelemnul
Zin
The Shining One

Shops:
D:8 [   D:10 [

Annotations:
D:2 Sigmund
D:3 Grinder


Message History

You punch the hill giant!
The hill giant is lightly wounded.
You hear a shout! x2
You hit the hill giant.
The hill giant is moderately wounded.
The hill giant hits you with a giant spiked club.
Casting: Blade Hands
Confirm with . or Enter, or press ? or * to list all spells.
You create a snake!
You now have 213 arrows.
Your ball python bites the hill giant.
Your ball python bites the hill giant but does no damage.
The orc zaps a wand.
The bolt of lightning hits your ball python.
Your ball python dies!
The bolt of lightning hits you!
* * * LOW HITPOINT WARNING * * *
It is a wand of lightning.
You feel better.
The hill giant hits you with a giant spiked club!!
You die...

########.# #.# #.##.......
#.......# ##.## #.##....#.#
####.#### #...# #.#........
#...### #...# #.#..#.)#.. #.....#
#...# #.#..#))#.. #.###.#
#...#####...[...#.. ...
#.######.........#........
#.##.###.#..............#.##.....
# #............C@.........##..##.
#..####.....Y.........####..### #
#.###.#...#.###.# #....# #.#
#.#o........# #.##.# ...
#.......##### #..... ##..
#.#...#.# ####.# ...##.#...#.#
#.# ............# #.#
o..##.#####.# #.#


You could see a hill giant, an ice beast and an orc.

Vanquished Creatures
  2 hill giants (D:10)
  Prince Ribbit (D:8)
  A wyvern (D:8)
  A water moccasin (D:7)
  The ghost of Thrillho the Firebug, an amateur DEFE (D:5)
  5 orc warriors
  5 phantoms
  3 sky beasts
  A necrophage (D:9)
  2 ice beasts
  3 ogres
  3 centaurs
  2 big kobolds (D:9)
  A bullfrog (D:9)
  A scorpion (D:3)
  9 wights
  3 crimson imps
  A hound (D:10)
  2 centaur skeletons
  5 orc priests
  4 orc wizards
  3 bullfrog skeletons
  A bullfrog zombie (D:9)
  An iguana (D:7)
  7 worker ants
  A hound zombie (D:6)
  3 hound skeletons
  A worker ant zombie (D:8)
  2 howler monkey skeletons (D:4)
  5 adders
  4 gnolls (D:6)
  2 shadow imps
  An ooze (D:3)
  2 adder zombies
  An adder skeleton (D:6)
  2 worms
  4 dart slugs
  5 leopard geckos
  23 orcs
  8 giant cockroaches
  9 goblins
  2 hobgoblins (D:3)
  7 jackals
  4 quokkas
  9 bats
  7 frilled lizards
  A jackal skeleton (D:4)
  A jackal zombie (D:7)
  18 kobolds
  2 leopard gecko skeletons (D:5)
  2 leopard gecko zombies
  A quokka skeleton (D:7)
  7 rats
202 creatures vanquished.

Vanquished Creatures (collateral kills)
  An adder (D:2)
1 creature vanquished.

Grand Total: 203 creatures vanquished

Notes
Turn   | Place    | Note
-------+----------+-------------------------------------------
     0 | D:1      | esteth the Merfolk Transmuter began the quest for the Orb.
     0 | D:1      | Reached XP level 1. HP: 15/15 MP: 3/3
   214 | D:1      | Reached XP level 2. HP: 19/21 MP: 5/5
   235 | D:1      | Reached skill level 4 in Unarmed Combat
   398 | D:1      | Reached skill level 1 in Stealth
   408 | D:1      | HP: 1/21 [goblin/dagger (6)]
   773 | D:1      | Reached XP level 3. HP: 17/26 MP: 6/6
  1151 | D:1      | Learned a level 2 spell: Sticks to Snakes
  1155 | D:1      | Learned a level 3 spell: Spider Form
  1887 | D:2      | Found a faded altar of an unknown god.
  1922 | D:2      | Reached XP level 4. HP: 30/32 MP: 7/7
  2252 | D:2      | Noticed Sigmund
  2813 | D:3      | Noticed a phantom
  3014 | D:3      | Noticed Grinder
  3088 | D:3      | Killed a phantom
  3088 | D:3      | Reached XP level 5. HP: 26/37 MP: 1/8
  3318 | D:3      | Reached XP level 6. HP: 17/43 MP: 4/9
  3324 | D:3      | Reached skill level 5 in Unarmed Combat
  3983 | D:4      | Noticed an orc warrior
  3999 | D:4      | HP: 2/43 [orc warrior/trident (16)]
  4001 | D:4      | Killed an orc warrior
  4001 | D:4      | Reached skill level 6 in Unarmed Combat
  4001 | D:4      | Reached XP level 7. HP: 12/48 MP: 5/10
  4410 | D:4      | Found a staircase to the Ecumenical Temple.
  4468 | Temple   | Entered the Ecumenical Temple
  4556 | Temple   | Became a worshipper of Warmaster Okawaru
  5112 | D:4      | Reached skill level 7 in Unarmed Combat
  5234 | D:5      | Entered Level 5 of the Dungeon
  5390 | D:5      | Reached * piety under Okawaru
  5508 | D:5      | Noticed Thrillho's ghost (amateur DEFE)
  5513 | D:5      | Killed Thrillho's ghost
  5513 | D:5      | Reached skill level 8 in Unarmed Combat
  5513 | D:5      | Reached XP level 8. HP: 46/54 MP: 7/11
  6121 | D:5      | Reached skill level 9 in Unarmed Combat
  6728 | D:6      | Reached skill level 5 in Dodging
  6956 | D:6      | Reached ** piety under Okawaru
  7081 | D:6      | Got a translucent war axe
  7082 | D:6      | Identified the +10 war axe "Kavapivo" {antimagic, +Rage Str-4 Dex+6 Stlth+} (You found it on level 6 of the Dungeon)
  7420 | D:6      | Reached XP level 9. HP: 59/59 MP: 2/12
  7670 | D:6      | Learned a level 5 spell: Blade Hands
  7779 | D:6      | Reached *** piety under Okawaru
  7779 | D:6      | Reached skill level 10 in Transmutations
  9140 | D:8      | Noticed Prince Ribbit
  9150 | D:8      | Killed Prince Ribbit
  9529 | D:8      | Reached **** piety under Okawaru
  9529 | D:8      | Reached skill level 5 in Fighting
  9732 | D:8      | Found Fifuvol's Armour Boutique.
  9965 | D:9      | Reached XP level 10. HP: 68/75 MP: 12/15
 10281 | D:9      | Found a staircase to the Orcish Mines.
 10289 | D:9      | Reached skill level 10 in Unarmed Combat
 10829 | D:10     | Entered Level 10 of the Dungeon
 10854 | D:10     | Noticed a hill giant
 10877 | D:10     | Killed a hill giant
 11168 | D:10     | Noticed a hill giant
 11482 | D:10     | Killed a hill giant
 11482 | D:10     | Reached skill level 11 in Unarmed Combat
 11673 | D:10     | Found Vuasm's Antique Armour Shoppe.
 11678 | D:10     | Bought a shiny helmet for 304 gold pieces
 11977 | D:10     | Noticed a hill giant
 11986 | D:10     | HP: 3/76 [orc/wand of lightning (27)]
 11987 | D:10     | Annihilated by a hill giant

Skill      XL: |  1  2  3  4  5  6  7  8  9 10 |
---------------+-------------------------------+-----
Unarmed Combat | 4 6 8 9 11 | 11.4
Stealth        | 1 2 |  2.2
Transmutations | 3 6 8 10 | 10.0
Dodging        | 4 6 |  6.6
Spellcasting   | 3 4 |  4.2
Fighting       | 6 |  6.4

Action                   |  1- 3 |  4- 6 |  7- 9 | 10-12 || total
-------------------------+-------+-------+-------+-------++-------
Melee: Unarmed           |   155 |   130 |   323 |   122 ||   730
       Punch             |     3 |       |     5 |     3 ||    11
       Headbutt          |     1 |       |       |       ||     1
       War axe           |       |       |    32 |       ||    32
 Cast: Beastly Appendage |     2 |     1 |       |       ||     3
       Sticks to Snakes  |       |     7 |     2 |     5 ||    14
       Spider Form       |       |     7 |    17 |       ||    24
       Blade Hands       |       |       |     8 |     8 ||    16
Invok: Heroism           |       |       |       |     1 ||     1
  Use: Scroll            |     5 |     1 |    13 |     1 ||    20
       Potion            |     2 |     1 |     4 |     1 ||     8
 Stab: Sleeping          |     2 |     4 |     7 |     1 ||    14
       Distracted        |     1 |       |     1 |       ||     2
  Eat: Chunk             |     3 |     8 |    20 |     2 ||    33
       Bread ration      |       |       |     1 |     2 ||     3
Armor: Robe              |    27 |    11 |    12 |     3 ||    53
       Skin              |       |     2 |     5 |       ||     7
       Leather armour    |       |       |       |     9 ||     9
Dodge: Dodged            |   112 |    89 |   230 |    87 ||   518
Block: Buckler           |       |       |     1 |       ||     1
